 Dungeon Crawl Stone Soup version 0.27-a0-1342-ga99462a43c (webtiles) character file.

Game seed: 9218367523362010147

7982 Froggeryz the Slicer (level 11, -5/100 HPs)
             Began as an Octopode Berserker on June 27, 2021.
             Was an Elder of Trog.
             Slain by an elephant (16 damage)
             ... on level 8 of the Dungeon.
             The game lasted 00:12:08 (10644 turns).

Froggeryz the Slicer (Octopode Berserker)          Turns: 10644, Time: 00:12:09

Health: -5/100     AC:  1    Str: 16    XL:     11   Next: 23%
Magic:  11/11      EV: 17    Int:  9    God:    Trog [****..]
Gold:   97         SH:  0    Dex: 16    Spells: 10/10 levels left

rFire    + . .     SeeInvis .   m - +1 short sword (venom)
rCold    . . .     Faith    .   (no shield)
rNeg     . . .     Spirit   .   h - +0 hat {Will+}
rPois    .         Reflect  .   (no amulet)
rElec    .         Harm     .   v - ring of protection from fire
rCorr    .         Rampage  .   x - ring of willpower
Will     ++++.                  (no ring)
Stlth    ..........             (no ring)
HPRegen  1.26/turn              (no ring)
MPRegen  0.12/turn              (no ring)
                                (no ring)
                                (no ring)

@: berserking, lethally poisoned (-5 -> -5), strong-willed, regenerating, very
quick
A: almost no armour, amphibious, 8 rings, camouflage 1, gelatinous body 1,
(nimble swimmer 1), tentacles
a: Renounce Religion, Berserk, Trog's Hand, Brothers in Arms


You were on level 8 of the Dungeon.
You worshipped Trog.
Trog was greatly pleased with you.
You visited 2 branches of the dungeon, and saw 10 of its levels.

You collected 487 gold pieces.
You spent 390 gold pieces at shops.

Inventory:

Hand Weapons
 m - a +1 short sword of venom (weapon)
 n - a +2 dagger of electrocution
Missiles
 d - 3 throwing nets
 e - 24 poisoned darts (quivered)
 o - 3 boomerangs
 D - 6 javelins
Armour
 h - a +0 hat of willpower (worn)
 F - a +0 buckler
Jewellery
 v - a ring of protection from fire (left tentacle)
 x - a ring of willpower (right tentacle)
 y - a ring of ice
Wands
 p - a wand of iceblast (9)
 s - a wand of polymorph (6)
 t - a wand of acid (7)
 B - a wand of paralysis (10)
 E - a wand of charming (8)
Scrolls
 a - 2 scrolls of magic mapping
 f - 2 scrolls of enchant weapon
 i - 3 scrolls of teleportation
 j - a scroll of blinking
 r - a scroll of immolation
Potions
 b - 2 potions of might
 c - 2 potions of flight
 g - a potion of mutation {unknown}
 k - 4 potions of ambrosia
 l - 2 potions of berserk rage {unknown}
 q - 3 potions of curing {unknown}
 u - 2 potions of brilliance {unknown}
 w - a potion of invisibility {unknown}
 z - 2 potions of heal wounds {unknown}
 A - a potion of magic {unknown}
 C - 3 potions of lignification {unknown}


   Skills:
 - Level 3.0 Fighting
 - Level 13.2 Short Blades
 - Level 4.1 Throwing
 + Level 7.7 Dodging
 - Level 9.1 Stealth
 * Level 1.8 Shields


You had 10 spell levels left.
You didn't know any spells.
Your spell library was empty.

Dungeon Overview and Level Annotations

Branches:
Dungeon (9/15)             Temple (1/1) D:7            Lair (0/6) D:9
    Orc: D:9-12

Altars:
Cheibriados
Dithmenos
Gozag
Nemelex Xobeh
Okawaru
Qazlal
Trog
Uskayaw
Vehumet
Wu Jian
Xom
Yredelemnul
The Shining One
Jiyva

Shops:
D:6 [*   D:9 ?


Innate Abilities, Weirdness & Mutations

You cannot wear most types of armour.
You are amphibious.
You can wear up to eight rings at the same time.
Your skin changes colour to match your surroundings (Stealth+).
Your rubbery body absorbs attacks. (AC +1, EV +1)
((You are camouflaged near water. (Stealth+)))
You have tentacles for arms and can constrict up to eight enemies at once.


Message History

The killer bee is almost dead.
The killer bee misses you.
You barely miss the killer bee. You grab the killer bee.
You constrict the killer bee.
You feel sick. The killer bee completely misses you. The elephant tramples you!
* * * LOW HITPOINT WARNING * * *
You hold your ground!
The elephant trunk-slaps you.
* * * LOW HITPOINT WARNING * * *
The killer bee stings you.
* * * LOW HITPOINT WARNING * * *
You hit the killer bee.
The killer bee is poisoned.
The killer bee is moderately wounded.
You constrict the killer bee, but do no damage.
The killer bee misses you.
You hit the elephant.
The elephant is lightly wounded.
You constrict the killer bee.
You feel sick. The killer bee barely misses you.
You puncture the elephant!
The elephant is poisoned.
You squeeze the elephant!
The elephant is moderately wounded.
You constrict the killer bee.
You kill the killer bee!
Trog accepts your kill. The killer bee stings you.
* * * LOW HITPOINT WARNING * * *
The elephant tramples you.
* * * LOW HITPOINT WARNING * * *
You hold your ground!
The elephant trunk-slaps you.
* * * LOW HITPOINT WARNING * * *
You hit the elephant.
The elephant looks as sick as possible!
You squeeze the elephant!
The elephant is severely wounded.
You constrict the killer bee.
You kill the killer bee!
Trog accepts your kill.
You feel sick.
Unknown command.
You hit the elephant but do no damage.
The elephant looks as sick as possible!
The elephant is severely wounded.
The elephant tramples you!
You die...

#..###..####...##...#
#..##..## ##.......#
#..##..# ##..########
#..##..##########
#..# #..##.........#
#..# #..#########..#
#.## ##...## ##h# #.#
###.....# #†## #.#
#......## #@Y# ##.#
.....### ##.# ##..#
.....## ##.####..##
.#....## #......###
####...## ##.....## #
##...# ##.###..#
##..# ##.## #..# #..#
##.## ##.####### #
##.## #..# #.......#


You could see an elephant (extremely poisoned) and a black bear.

Vanquished Creatures
  Gastronok (D:9)
  A boulder beetle (D:6)
  Pikel (D:5)
  Joseph (D:9)
  Maggie (D:6)
  2 hornets
  A shadow (D:7)
  3 wyverns
  A basilisk (D:8)
  A steam dragon (D:6)
  A hornet zombie (D:7)
  A black bear (D:4)
  6 necrophages (D:7)
  3 sky beasts
  An ogre (D:4)
  2 centaurs
  A kobold brigand (D:8)
  A lemure (D:5)
  Blork the orc (D:6)
  A wyvern zombie (D:7)
  3 bullfrogs
  A gnoll sergeant (D:9)
  A water moccasin zombie (D:7)
  A water moccasin skeleton (D:5)
  13 killer bees
  10 wights
  4 centaur zombies (D:7)
  A hound (D:5)
  A bullfrog skeleton (D:6)
  A centaur skeleton (D:7)
  2 iguanas
  2 orc wizards (D:4)
  4 killer bee zombies
  A hound skeleton (D:5)
  A mummy (D:7)
  A howler monkey zombie (D:7)
  7 adders
  12 gnolls
  A howler monkey skeleton (D:4)
  A shadow imp (D:8)
  An adder skeleton (D:4)
  A worm (D:4)
  A dart slug (D:5)
  7 orcs
  9 endoplasms
  9 giant cockroaches
  6 goblins
  7 hobgoblins
  2 jackals (D:3)
  15 kobolds
  5 quokkas
  9 ball pythons
  5 bats
  2 frilled lizards (D:2)
  10 rats
188 creatures vanquished.

Vanquished Creatures (others)
  A plant (D:9)
  5 withered plants (D:7)
6 creatures vanquished.

Grand Total: 194 creatures vanquished

Notes
Turn   | Place    | Note
-------+----------+-------------------------------------------
     0 | D:1      | Froggeryz the Octopode Berserker began the quest for the
                  | Orb.
     0 | D:1      | Reached XP level 1. HP: 16/16 MP: 1/1
   135 | D:1      | Found a faded altar of an unknown god.
   204 | D:1      | Reached skill level 1 in Stealth
   232 | D:1      | Reached XP level 2. HP: 21/21 MP: 2/2
   433 | D:1      | Reached XP level 3. HP: 26/26 MP: 3/3
   718 | D:2      | Reached ** piety under Trog
   719 | D:2      | Reached skill level 4 in Short Blades
  1021 | D:2      | Reached XP level 4. HP: 31/31 MP: 4/4
  1529 | D:2      | Reached XP level 5. HP: 31/36 MP: 5/5
  1734 | D:3      | Reached skill level 5 in Short Blades
  3136 | D:4      | Reached XP level 6. HP: 42/42 MP: 6/6
  3159 | D:4      | Reached skill level 6 in Short Blades
  3404 | D:4      | Identified the +2 robe of the Depths {Int+4 SInv}
  3435 | D:4      | Reached *** piety under Trog
  3470 | D:4      | Reached skill level 5 in Stealth
  3961 | D:4      | You fall into a shaft and drop 1 floor!
  3961 | D:5      | Entered Level 5 of the Dungeon
  3991 | D:5      | Noticed a hornet
  4004 | D:5      | Killed a hornet
  4005 | D:5      | Reached skill level 7 in Short Blades
  4005 | D:5      | Reached XP level 7. HP: 17/46 MP: 7/7
  4011 | D:5      | HP: 2/46 [poisoned by a hornet]
  4357 | D:5      | Noticed Pikel
  4407 | D:5      | Killed Pikel
  4408 | D:5      | Reached skill level 8 in Short Blades
  4408 | D:5      | Reached XP level 8. HP: 40/52 MP: 8/8
  4572 | D:4      | Found an iron altar of Okawaru.
  4585 | D:4      | Found an opulent altar of Gozag.
  4787 | D:5      | Found a radiant altar of Vehumet.
  4811 | D:5      | Reached skill level 9 in Short Blades
  4951 | D:5      | You fall into a shaft and drop 3 floors!
  4953 | D:8      | Found a shimmering altar of Xom.
  5050 | D:7      | Found a staircase to the Ecumenical Temple.
  5159 | D:6      | Found a basalt altar of Yredelemnul.
  5178 | D:6      | Found Caigg's Antique Armour Shop.
  5178 | D:6      | Noticed Maggie
  5281 | D:6      | Noticed a boulder beetle
  5572 | D:5      | Reached XP level 9. HP: 24/56 MP: 9/9
  6071 | D:6      | Noticed a boulder beetle
  6079 | D:6      | Killed a boulder beetle
  6080 | D:6      | Reached skill level 10 in Short Blades
  6141 | D:6      | Found Tivegyna's Assorted Antiques.
  6144 | D:6      | Noticed Blork the orc
  6145 | D:6      | Bought a scroll labelled XUGRAO LUTHIAGG for 22 gold pieces
  6145 | D:6      | Bought a scroll labelled DOH GIAGYUTRO for 22 gold pieces
  6145 | D:6      | Bought a scroll labelled BALE WIVIANESCH for 22 gold pieces
  6145 | D:6      | Bought a scroll labelled UNODODIYKE for 22 gold pieces
  6145 | D:6      | Bought a scroll labelled YTRANUO DUSSIDD for 22 gold pieces
  6145 | D:6      | Bought a dark potion for 19 gold pieces
  6145 | D:6      | Bought a sapphire potion for 19 gold pieces
  6145 | D:6      | Bought a bronze wand for 88 gold pieces
  6151 | D:6      | Killed Blork the orc
  6351 | D:6      | Killed Maggie
  6363 | D:6      | Bought an embroidered hat for 154 gold pieces
  6609 | D:7      | Reached skill level 11 in Short Blades
  6827 | D:7      | Reached XP level 10. HP: 56/63 MP: 10/10
  6834 | D:7      | Reached skill level 5 in Dodging
  6953 | D:7      | HP: 2/63 [sky beast (6)]
  7265 | D:7      | Identified the +5 short sword of Wieniri {antimagic, Drain
                  | Will++ Dex+4}
  7797 | D:7      | Reached **** piety under Trog
  8199 | Temple   | Entered the Ecumenical Temple
  8521 | D:8      | Reached skill level 12 in Short Blades
  9051 | D:8      | Found a stormy altar of Qazlal.
  9051 | D:8      | Found a glowing golden altar of the Shining One.
  9051 | D:8      | Found a shadowy altar of Dithmenos.
  9052 | D:8      | Found a hide-covered altar of Uskayaw.
  9056 | D:8      | Found a bloodstained altar of Trog.
  9863 | D:9      | Paralysed by a hornet for 2 turns
  9987 | D:9      | Noticed Gastronok
 10108 | D:9      | Killed Gastronok
 10109 | D:9      | Reached skill level 13 in Short Blades
 10109 | D:9      | Reached XP level 11. HP: 67/67 MP: 11/11
 10183 | D:9      | Noticed Joseph
 10184 | D:9      | Found Buseschi's Magic Scroll Shop.
 10195 | D:9      | Killed Joseph
 10464 | D:9      | Found a staircase to the Lair.
 10489 | D:8      | Reached skill level 1 in Shields
 10644 | D:8      | Slain by an elephant

Illustrated notes

Levels and vault maps discovered:
D:1:      dpeg_arrival_connections, layout_rooms,
          shapermc_ecumenical_altar_venn, amethyst_killhole,
          hangedman_feature_mirror
D:2:      layout_loops_cross, serial_park_tiny_2
D:3:      minmay_chambers_of_twos, layout_basic
D:4:      layout_loops_ring, amethyst_overflow_temple_binary
D:5:      layout_basic, nicolae_vehumet_radiance, uniq_pikel
D:6:      layout_basic, yredelemnul_altar_generic, serial_shops, shop, shop,
          lightli_corner_chamber, uniq_maggie, uniq_blork_the_orc
D:7:      layout_loops_corners, temple_pool_b, serial_undead, serial_undead_a,
          serial_undead_d, serial_undead_f, serial_undead_f, serial_undead_c,
          serial_undead_a, serial_undead_f, serial_undead_a, serial_undead_b,
          serial_undead_f, kennysheep_generic_room_14
D:8:      layout_layer_cave, xom_shifter_show, bloody_trog,
          chequers_temple_overflow_statue_of_worship
D:9:      layout_irregular_city, overflow_temple_1_default, david_lair_generic,
          serial_shops, shop, uniq_gastronok, uniq_maurice, uniq_joseph
Temple:   pf_slimified_temple

Skill      XL: |  1  2  3  4  5  6  7  8  9 10 11 |
---------------+----------------------------------+-----
Stealth        | 1 2 3 4 6 7 9 |  9.1
Short Blades   | 4 5 7 8 9 11 13 | 13.2
Throwing       | 3 4 |  4.1
Dodging        | 4 7 |  7.7
Shields        | 1 |  1.8
Fighting       | |  3.0

Action                   |  1- 3 |  4- 6 |  7- 9 | 10-12 || total
-------------------------+-------+-------+-------+-------++-------
Melee: Short sword       |    60 |     5 |    11 |    35 ||   111
       Tentacles         |    17 |    15 |    24 |    43 ||    99
       Constrict         |    14 |    23 |    10 |    29 ||    76
       Dagger            |       |   117 |    81 |   165 ||   363
Throw: Dart              |       |       |       |     9 ||     9
Invok: Berserk           |     2 |     3 |     1 |     6 ||    12
       Trog's Hand       |       |       |     2 |     2 ||     4
Evoke: Wand              |       |       |     1 |     1 ||     2
  Use: Scroll            |       |     6 |     8 |       ||    14
 Stab: Sleeping          |     4 |    17 |    12 |     5 ||    38
       Distracted        |       |       |       |     1 ||     1
Armor: Skin              |     4 |     4 |     2 |     7 ||    17
Dodge: Dodged            |    43 |    46 |    38 |   137 ||   264

Table legend: (Time is in decaauts)
 A = Elapsed time spent in this place.
 B = Non-inter-level travel time spent in this place.
 C = Inter-level travel time spent in this place.
 D = Time resting spent in this place.
 E = Time spent auto-exploring this place.
 F = Levels seen in this place.
 G = Mean time per level.
                   A        B        C        D        E       F      G
               +--------+--------+--------+--------+--------+-----+--------+
         Total |  10578 |  10083 |    495 |   2448 |   6354 |  10 | 1057.8 |
       Dungeon |  10577 |  10082 |    495 |   2448 |   6354 |   9 | 1175.2 |
        Temple |      1 |      1 |      0 |      0 |      0 |   1 |    1.0 |
               +--------+--------+--------+--------+--------+-----+--------+

Top non-repeatable levels by time:
     D:8: 1910 daAuts
     D:7: 1771 daAuts
     D:4: 1181 daAuts
     D:6: 1157 daAuts
     D:1: 1058 daAuts
     D:3: 1056 daAuts
     D:5: 1026 daAuts
     D:2: 920 daAuts
     D:9: 493 daAuts
  Temple: 1 daAuts
